 Dungeon Crawl Stone Soup version 0.23-a0-577-g2b1de94 (webtiles) character file.

300 Firecrotchwizard the Skirmisher (level 6, -11/67 HPs)
             Began as an Ogre Berserker on Dec 16, 2018.
             Was a Priest of Trog.
             Mangled by an ogre
             ... wielding a +0 giant club
              (17 damage)
             ... on level 4 of the Dungeon.
             The game lasted 00:04:27 (3423 turns).

Firecrotchwizard the Skirmisher (Ogre Berserker)    Turns: 3423, Time: 00:04:27

Health: -11/67     AC: 13    Str: 24    XL:     6   Next: 36%
Magic:  6/6        EV: 10    Int:  8    God:    Trog [***...]
Gold:   142        SH:  0    Dex:  8    Spells: 5/5 levels left

rFire    + . .     SeeInvis .   w - +1 flail (protect)
rCold    + . .     Gourm    .   (no shield)
rNeg     . . .     Faith    .   b - +0 animal skin
rPois    .         Spirit   .   (helmet restricted)
rElec    .         Reflect  .   j - scarf {rC+ rF+}
rCorr    .         Harm     .   (gloves unavailable)
MR       .....                  (boots unavailable)
Stlth    +.........             (no amulet)
HPRegen  0.21/turn              f - +3 ring of protection
MPRegen  0.10/turn              (no ring)

@: protection aura
A: large, unfitting armour, tough skin 1
a: Berserk, Trog's Hand, Renounce Religion


You were on level 4 of the Dungeon.
You worshipped Trog.
Trog was most pleased with you.
You were not hungry.

You visited 1 branch of the dungeon, and saw 4 of its levels.

You collected 142 gold pieces.

Inventory:

Hand Weapons
 a - a +0 mace
 w - a +1 flail of protection (weapon)
   (You found it on level 3 of the Dungeon)
Armour
 b - a +0 animal skin (worn)
 j - a scarf of resistance (worn)
   (You found it on level 1 of the Dungeon)
Jewellery
 f - a +3 ring of protection (left hand)
   (You found it on level 1 of the Dungeon)
 x - an uncursed amulet of the gourmand {unknown}
   (You found it on level 3 of the Dungeon)
 A - a cursed ring of teleportation {unknown}
   (You found it on level 4 of the Dungeon)
Wands
 o - a wand of random effects (28)
   (You found it on level 2 of the Dungeon)
Scrolls
 d - a scroll of blinking {unknown}
 g - a scroll of teleportation
 i - a scroll of enchant armour {unknown}
 l - 2 scrolls of random uselessness {unknown}
 m - 2 scrolls of enchant weapon {unknown}
 p - 2 scrolls of fear {unknown}
 r - 3 scrolls of remove curse {unknown}
 u - a scroll of fog {unknown}
 v - 2 scrolls of identify {unknown}
 y - a scroll of immolation {unknown}
 C - 3 scrolls of amnesia {unknown}
Potions
 e - 2 potions of heal wounds {unknown}
 h - 2 potions of haste {unknown}
 k - 4 potions of curing {unknown}
 n - a potion of resistance {unknown}
 q - 3 potions of brilliance {unknown}
 s - a potion of ambrosia {unknown}
 t - a potion of berserk rage {unknown}
 z - a potion of flight {unknown}
Comestibles
 c - 11 rations
 B - 9 chunks of flesh {@w0}


   Skills:
 + Level 6.1 Fighting
 * Level 5.4 Maces & Flails
 - Level 2.6 Dodging


You had 5 spell levels left.
You didn't know any spells.
Your spell library was empty.

Dungeon Overview and Level Annotations

Branches:
Dungeon (4/15)
 Temple: D:4-7

Altars:
Fedhas
Makhleb
Okawaru
Qazlal
Trog
Vehumet
The Shining One


Innate Abilities, Weirdness & Mutations

You are too large for most types of armour.
You have tough skin. (AC +1)


Message History

Your weapon exudes an aura of protection.
You kill the orc!
Trog accepts your kill.
No target in view!
Things that are here:
a +1 mace of protection; an orc corpse You butcher the orc corpse.
B - 6 chunks of flesh {@w0} (gained 4)
Things that are here:
a +1 mace of protection; an orc skeleton An adder comes into view.
Health restored: 67 An adder is nearby!
An adder is nearby!
A hound skeleton comes into view.
The adder hisses angrily.
The adder bites you but does no damage.
You thump the adder!
Your weapon exudes an aura of protection.
The adder closely misses you. The adder bites you but does no damage.
You closely miss the adder. The adder bites you but does no damage.
You thump the adder!
You kill the adder!
Trog accepts your kill.
Your Fighting skill increases to level 6!
The hound skeleton barely misses you.
You barely miss the hound skeleton. The hound skeleton misses you. x2
You sock the hound skeleton! The hound skeleton closely misses you.
You barely miss the hound skeleton.
The hound skeleton bites you but does no damage.
You hit the hound skeleton.
The hound skeleton bites you but does no damage.
The hound skeleton barely misses you.
You thump the hound skeleton!
You destroy the hound skeleton!
Trog accepts your kill.
You butcher the adder corpse.
B - 8 chunks of flesh {@w0} (gained 2)
You see here an adder skeleton. x2
A worker ant comes into view.
The worker ant bites you.
You take 5 damage, and have 62/67 hp.
A worker ant is nearby!
You barely miss the worker ant. The worker ant barely misses you.
The worker ant bites you but does no damage.
You hit the worker ant.
Your weapon exudes an aura of protection.
The worker ant bites you but does no damage.
You closely miss the worker ant. The worker ant closely misses you.
You barely miss the worker ant. The worker ant barely misses you.
The worker ant completely misses you.
You hit the worker ant but do no damage.
Your weapon exudes an aura of protection.
The worker ant bites you but does no damage.
You hit the worker ant.
The worker ant bites you but does no damage.
The worker ant barely misses you.
You hit the worker ant. The worker ant closely misses you.
You closely miss the worker ant.
The worker ant bites you but does no damage.
You closely miss the worker ant. The worker ant closely misses you.
You thump the worker ant!
You kill the worker ant!
Trog accepts your kill.
No target in view!
You butcher the worker ant corpse.
B - 9 chunks of flesh {@w0} (gained 1)
C - 3 scrolls labeled YTYIDA XOLOMUDO You open the door.
An adder comes into view.
The adder hisses angrily.
You hear a shout!
An ogre comes into view. It is wielding a +0 giant club.
There is an open door here.
The adder misses you. The adder bites you.
You take 1 damage, and have 64/67 hp.
You barely miss the adder. The adder bites you.
You take 1 damage, and have 63/67 hp.
You closely miss the adder. The adder barely misses you. The adder bites you.
You take 5 damage, and have 58/67 hp.
You sock the adder!
Your weapon exudes an aura of protection.
The adder barely misses you.
You thump the adder!
You kill the adder!
Trog accepts your kill.
You hit the ogre.
The ogre hits you with a +0 giant club!!
You take 18 damage, and have 41/67 hp.
MASSIVE DAMAGE!!
You are too injured to fight recklessly!
You are too injured to fight recklessly!
You hit the ogre. The ogre hits you with a +0 giant club!
You take 9 damage, and have 32/67 hp.
You barely miss the ogre.
The ogre hits you with a +0 giant club!!
* * * LOW HITPOINT WARNING * * *
You take 27 damage, and have 5/67 hp.
MASSIVE DAMAGE!!
You sock the ogre! The ogre hits you with a +0 giant club!
You die...

#........# ##########........#
#...........รท.....# ####
##.#######.#.......# ##..#
####..# .#(!#.#.......# #...#
#.....# ...!#.#.......#
>.#.######.....#
...##.#.......#
...............##O#
#..#########
.######........#@.####.#######
## ##.#.....#'##.#..#.....# #
#.......#.......####..# #
#####...##########...## #
##.#.#....####..###
###########..............####
.......[.............####...#
.#######.......#.###.## #...#
.................###..###...#


You could see an ogre.

Vanquished Creatures
  A hound (D:4)
  4 worker ants (D:4)
  A hound skeleton (D:4)
  8 adders
  2 worms
  2 leopard geckos
  15 orcs
  A ball python (D:3)
  3 giant cockroaches
  4 goblins
  8 hobgoblins
  4 jackals (D:1)
  4 quokkas
  6 bats
  6 frilled lizards
  6 kobolds
  4 rats
79 creatures vanquished.

Notes
Turn   | Place    | Note
-------+----------+-------------------------------------------
     0 | D:1      | Firecrotchwizard the Ogre Berserker began the quest for the
                  | Orb.
     0 | D:1      | Reached XP level 1. HP: 24/24 MP: 1/1
   150 | D:1      | Reached skill level 3 in Maces & Flails
   166 | D:1      | Reached XP level 2. HP: 28/32 MP: 2/2
   639 | D:1      | Reached XP level 3. HP: 38/40 MP: 3/3
   908 | D:2      | Found a burning altar of Makhleb.
   916 | D:2      | Reached ** piety under Trog
  1590 | D:2      | Found a blossoming altar of Fedhas.
  1894 | D:3      | Reached XP level 4. HP: 49/49 MP: 4/4
  1934 | D:3      | Reached skill level 4 in Maces & Flails
  1941 | D:3      | Reached skill level 5 in Fighting
  2014 | D:3      | Found a stormy altar of Qazlal.
  2180 | D:3      | Found an iron altar of Okawaru.
  2187 | D:3      | Found a radiant altar of Vehumet.
  2190 | D:3      | Found a bloodstained altar of Trog.
  2554 | D:3      | Found a glowing golden altar of the Shining One.
  2695 | D:4      | Reached XP level 5. HP: 57/57 MP: 5/5
  3130 | D:4      | Reached skill level 5 in Maces & Flails
  3265 | D:4      | Reached *** piety under Trog
  3265 | D:4      | Reached XP level 6. HP: 67/67 MP: 6/6
  3380 | D:4      | Reached skill level 6 in Fighting
  3422 | D:4      | HP: 5/67 [ogre/+0 giant club (27)]
  3423 | D:4      | Mangled by an ogre

Vault maps used:
D:1:      dpeg_arrival_rhombi
D:2:      fedhas_altar_4, nicolae_overflow_crystal_walls, first_ration,
          minmay_pentomino_s2
D:3:      old_standard_altar, nicolae_tso_swordbearing_angel,
          minmay_overflow_temple_star_quad
D:4:      minmay_wonky_spiral, kennysheep_small_spiral, glass_columns_a

Skill      XL: |  1  2  3  4  5  6 |
---------------+-------------------+-----
Maces & Flails | 3 4 5 |  5.4
Fighting       | 5 6 |  6.1
Dodging        | |  2.6

Action                   |  1- 3 |  4- 6 || total
-------------------------+-------+-------++-------
Melee: Mace              |   114 |       ||   114
       Flail             |    11 |   133 ||   144
  Use: Scroll            |       |     1 ||     1
  Eat: Chunk             |     3 |     5 ||     8
Armor: Animal skin       |    75 |    68 ||   143
Dodge: Dodged            |    84 |    80 ||   164

Table legend:
 A = Non-vault XP
 B = Vault XP
 C = Vault XP percentage of total XP
 D = Non-vault monster count
 E = Vault monster count
 F = Vault count percentage of total count
                 A         B        C        D         E       F
            +---------+---------+-------+---------+---------+-------
      Total |     375 |      54 |  12.6 |      76 |       3 |   3.8
            +---------+---------+-------+---------+---------+-------
        D:1 |      34 |       0 |   0.0 |      19 |       0 |   0.0
        D:2 |      22 |       2 |   8.3 |      13 |       1 |   7.1
        D:3 |     103 |       0 |   0.0 |      25 |       0 |   0.0
        D:4 |     216 |      52 |  19.4 |      19 |       2 |   9.5
            +---------+---------+-------+---------+---------+-------

Vault maps used:
D:1:      dpeg_arrival_rhombi
D:2:      fedhas_altar_4, nicolae_overflow_crystal_walls, first_ration,
          minmay_pentomino_s2
D:3:      old_standard_altar, nicolae_tso_swordbearing_angel,
          minmay_overflow_temple_star_quad
D:4:      minmay_wonky_spiral, kennysheep_small_spiral, glass_columns_a

Table legend:
 A = Turns spent in this place as a percentage of turns spent in the entire game.
 B = Non-inter-level travel turns spent in this place as a percentage of non-inter-level travel turns spent in the entire game.
 C = Inter-level travel turns spent in this place as a percentage of turns spent in this place.
 D = Turns resting spent in this place as a percentage of non-inter-level travel turns spent in this place.
 E = Turns spent auto-exploring this place as a percentage of non-inter-level travel turns spent in this place.
 F = Non-inter-level travel turns spent in this place divided by the number of levels of this place that you've seen.
                   A       B       C       D       E      F
               +-------+-------+-------+-------+-------+----------------------
         Total | 100.0 | 100.0 |   2.3 |  26.3 |  57.0 | 836.0
       Dungeon | 100.0 | 100.0 |   2.3 |  26.3 |  57.0 | 836.0
               +-------+-------+-------+-------+-------+----------------------

Table legend:
 A = Kills in this place as a percentage of kills in entire the game.
 B = Kills by you in this place as a percentage of kills by you in the entire game.
 C = Kills by friends in this place as a percentage of kills by friends in the entire game.
 D = Other kills in this place as a percentage of other kills in the entire game.
 E = Experience gained in this place as a percentage of experience gained in the entire game.
 F = Experience gained in this place divided by the number of levels of this place that you have seen.
                   A       B       C       D       E      F
               +-------+-------+-------+-------+-------+----------------------
         Total | 100.0 | 100.0 |   N/A |   N/A | 100.0 | 107.2
       Dungeon | 100.0 | 100.0 |   N/A |   N/A | 100.0 | 107.2
               +-------+-------+-------+-------+-------+----------------------
